 Dungeon Crawl Stone Soup version 0.24.0-29-g8ce449bc06 (webtiles) character file.

Game seed: 2468618875114639409, levelgen mode: deterministic

6978 Flugslaktarn the Cleaver (level 10, -17/92 HPs)
             Began as a Deep Dwarf Fighter on Nov 15, 2019.
             Was an Elder of Makhleb.
             Killed from afar by Nergalle (30 damage)
             ... with a bolt of negative energy
             ... on level 10 of the Dungeon.
             The game lasted 00:05:47 (5774 turns).

Flugslaktarn the Cleaver (Deep Dwarf Fighter)       Turns: 5774, Time: 00:05:47

Health: -17/92     AC: 15    Str: 24    XL:     10   Next: 81%
Magic:  1/1        EV:  6    Int:  8    God:    Makhleb [****..]
Gold:   201        SH: 11    Dex: 14    Spells: 9/9 levels left

rFire    . . .     SeeInvis .   a - +0 war axe
rCold    . . .     Gourm    .   c - +0 shield
rNeg     . . .     Faith    .   y - +0 chain mail (curse)
rPois    +         Spirit   .   (no helmet)
rElec    .         Reflect  .   q - +0 cloak
rCorr    .         Harm     .   (no gloves)
MR       +....                  r - +2 pair of boots
Stlth    ..........             (no amulet)
HPRegen  0.00/turn              o - ring of poison resistance
MPRegen  0.07/turn              k - ring of Lephuitu {Dex+2 Stlth-}

@: non-regenerating, heavily drained
A: damage resistance, heal wounds, sense surroundings 2, no regeneration
a: Heal Wounds, Minor Destruction, Lesser Servant of Makhleb, Major Destruction,
Renounce Religion


You were on level 10 of the Dungeon.
You worshipped Makhleb.
Makhleb was greatly pleased with you.
You were not hungry.

You visited 1 branch of the dungeon, and saw 10 of its levels.
You also visited: Ossuary.

You collected 356 gold pieces.
You spent 155 gold pieces at shops.

Inventory:

Hand Weapons
 a - a +0 war axe (weapon)
Armour
 b - a +0 scale mail
 c - a +0 shield (worn)
 q - a +0 cloak (worn)
   (You found it on level 8 of the Dungeon)
 r - a +2 pair of boots (worn)
   (You found it on level 8 of the Dungeon)
 y - a cursed +0 chain mail (worn)
   (You found it on level 3 of the Dungeon)
Jewellery
 k - the ring of Lephuitu (right hand) {Dex+2 Stlth-}
   (You found it on level 6 of the Dungeon)

   [ring of attention]

   It affects your dexterity (+2).
   It makes you less stealthy.
 o - a ring of poison resistance (left hand)
   (You found it on level 7 of the Dungeon)
 p - an uncursed ring of fire
   (You found it on level 5 of the Dungeon)
Wands
 m - a wand of scattershot (5)
   (You found it on level 5 of the Dungeon)
 v - a wand of digging (14)
   (You bought it in a shop on level 8 of the Dungeon)
Scrolls
 g - 3 scrolls of magic mapping
 j - a scroll of fear
 l - a scroll of enchant armour
 t - 2 scrolls of teleportation
 w - 5 scrolls of remove curse
 x - a scroll of enchant weapon {unknown}
Potions
 d - 4 potions of might
 h - 2 potions of brilliance
 i - 3 potions of heal wounds
 n - a potion of lignification {unknown}
 s - a potion of agility
 u - a potion of ambrosia
Miscellaneous
 z - a lamp of fire (inert)
   (You found it on level 9 of the Dungeon)
Comestibles
 e - 23 rations
 f - 8 chunks of flesh


   Skills:
 + Level 6.6(5.2) Fighting
 * Level 10.5(9.0) Axes
 + Level 8.1(6.7) Armour
 + Level 8.1(6.7) Shields
 + Level 7.2(5.8) Invocations
 - Level 6.0(4.6) Evocations


You had 9 spell levels left.
You didn't know any spells.
Your spell library was empty.

Dungeon Overview and Level Annotations

Branches:
Dungeon (10/15)            Temple (0/1) D:6         Ossuary (visited)
   Lair: D:8-11         Orc: D:9-12

Altars:
Ashenzari
Dithmenos
Makhleb
Nemelex Xobeh
Okawaru
Qazlal
Trog
Wu Jian
Xom
The Shining One

Shops:
D:8 %*

Annotations:
D:10 Nergalle


Innate Abilities, Weirdness & Mutations

You are resistant to damage.
You can heal yourself by infusing magical energy.
You passively map the area around you.
You do not regenerate.


Message History

An ogre comes into view. It is wielding a +0 giant club.
You block the water moccasin's attack.
The spectral orc warrior hits you with a +0 trident.
The ogre moves out of view.
Some of the chunks of flesh in your inventory have rotted away.
You hit the spectral orc warrior but do no damage.
The spectral orc warrior is lightly damaged.
You hit Nergalle but do no damage. You hit the water moccasin.
An ice beast comes into view.
Nergalle points at you and mumbles some strange words.
The bolt of negative energy hits you!!
You feel drained.
* * * LOW HITPOINT WARNING * * *
The water moccasin bites you.
* * * LOW HITPOINT WARNING * * *
You are too injured to fight recklessly!
You are too injured to fight recklessly!
The spectral orc warrior barely misses you.
Nergalle casts a spell at you. The bolt of negative energy hits you!!
You feel drained.
You die...

##............###
* * ..#.#.#.#...#
, ..##'######.##
,, , #..# ,, *
##.# , , , ,≈
#..# , * * ##.# *
* ,, ,#..#
##@##### #S.....#
......YoZ....#
,,,>#...hhZ.....#
,**#...........#
#...........# * *
#...........# ,
#...........# *
#...........#


You could see Nergalle, a spectral orc, a spectral orc warrior, a water
moccasin, an ice beast, a howler monkey and a hound.

Vanquished Creatures
  A two-headed ogre (D:10)
  A gargoyle (D:10)
  A troll (D:9)
  2 hippogriffs
  4 yaks (D:10)
  Grum (D:8)
  2 water moccasins
  A floating eye (D:10)
  2 orc warriors
  A black bear (D:10)
  6 ogres
  3 sky beasts
  3 phantoms
  3 centaurs
  3 wolves (D:8)
  5 big kobolds
  8 bullfrogs
  2 scorpions
  6 killer bees
  4 electric eels (D:9)
  A howler monkey (D:6)
  A crimson imp (D:5)
  A centaur zombie (D:7)
  A quasit (D:9)
  2 human zombies
  6 hounds
  A jelly (D:5)
  A centaur skeleton (D:4)
  5 orc priests
  An orc wizard (D:6)
  A gnoll shaman (D:8)
  2 bullfrog skeletons
  An iguana (D:6)
  5 worker ants
  A killer bee zombie (D:6)
  3 mummies (Ossuary)
  2 hound skeletons
  3 worker ant zombies
  18 gnolls
  5 adders
  6 shadow imps
  An ooze (D:5)
  3 adder zombies (Ossuary)
  2 adder skeletons
  4 leopard geckos
  23 orcs
  3 giant cockroaches
  5 goblins
  3 hobgoblins
  8 jackals
  3 quokkas
  A ball python (D:4)
  3 bats
  4 frilled lizards
  4 goblin zombies
  2 hobgoblin zombies (Ossuary)
  2 jackal zombies (D:7)
  23 kobolds
  A kobold zombie (Ossuary)
  3 quokka zombies
  3 rats
  6 rat zombies (Ossuary)
233 creatures vanquished.

Vanquished Creatures (others)
  A plant (D:9)
1 creature vanquished.

Grand Total: 234 creatures vanquished

Notes
Turn   | Place    | Note
-------+----------+-------------------------------------------
     0 | D:1      | Flugslaktarn the Deep Dwarf Fighter began the quest for the
                  | Orb.
     0 | D:1      | Reached XP level 1. HP: 20/20 MP: 1/1
    44 | D:1      | Reached XP level 2. HP: 22/27 MP: 2/2
   274 | D:2      | Reached skill level 3 in Axes
   274 | D:2      | Reached XP level 3. HP: 23/33 MP: 3/3
   418 | D:3      | You fall into a shaft and drop 1 floor!
   494 | D:4      | Reached XP level 4. HP: 31/42 MP: 4/4
   539 | D:4      | Noticed a phantom
   564 | D:4      | Killed a phantom
   564 | D:4      | Reached skill level 4 in Axes
   564 | D:4      | Reached XP level 5. HP: 40/49 MP: 4/4
   626 | D:4      | Found a shimmering altar of Xom.
   806 | D:4      | Found a shattered altar of Ashenzari.
   923 | D:4      | Found a stormy altar of Qazlal.
  1036 | D:4      | Reached XP level 6. HP: 55/56 MP: 4/4
  1051 | D:4      | Found a bloodstained altar of Trog.
  1097 | D:5      | Entered Level 5 of the Dungeon
  1223 | D:5      | Reached skill level 5 in Axes
  1288 | D:5      | Noticed a sky beast
  1307 | D:5      | Killed a sky beast
  1308 | D:5      | Found a stormy altar of Qazlal.
  1310 | D:5      | Noticed a sky beast
  1349 | D:5      | Killed a sky beast
  1349 | D:5      | Reached skill level 1 in Evocations
  1349 | D:5      | Reached XP level 7. HP: 40/64 MP: 3/5
  1511 | D:5      | Reached skill level 5 in Armour
  1513 | D:5      | Reached skill level 5 in Shields
  1567 | D:5      | Reached skill level 6 in Axes
  1769 | D:5      | Found a burning altar of Makhleb.
  1786 | D:5      | Became a worshipper of Makhleb the Destroyer
  1865 | D:6      | Reached skill level 1 in Invocations
  1882 | D:6      | Reached XP level 8. HP: 42/73 MP: 5/5
  1942 | D:6      | Found an ornate altar of the Wu Jian Council.
  1959 | D:6      | Found an iron altar of Okawaru.
  2147 | D:6      | Got a flickering iron ring
  2244 | D:6      | Reached skill level 7 in Axes
  2260 | D:6      | Found a staircase to the Ecumenical Temple.
  2637 | D:7      | Reached * piety under Makhleb
  2730 | D:7      | Found a sand-covered staircase.
  2741 | D:7      | Reached skill level 5 in Fighting
  2750 | Ossuary  | Entered an ossuary
  2784 | Ossuary  | Reached ** piety under Makhleb
  2907 | D:7      | Identified the ring of Lephuitu {Dex+2 Stlth-} (You found
                  | it on level 6 of the Dungeon)
  2913 | D:7      | Gained mutation: You passively map the area around you.
                  | [Deep Dwarf growth]
  2913 | D:7      | Reached XP level 9. HP: 59/81 MP: 5/5
  2991 | D:7      | Reached skill level 8 in Axes
  3162 | D:7      | Found a shadowy altar of Dithmenos.
  3266 | D:7      | Reached skill level 5 in Evocations
  3459 | D:8      | Noticed Grum
  3498 | D:8      | Killed Grum
  3512 | D:8      | Reached *** piety under Makhleb
  3644 | D:8      | Found Jahukla's Assorted Antiques.
  3708 | D:8      | Bought a scroll labeled LYM ZUOTIOSK for 31 gold pieces
  3708 | D:8      | Bought a glass wand for 124 gold pieces
  3792 | D:8      | Reached skill level 5 in Invocations
  3799 | D:8      | Found a glowing golden altar of the Shining One.
  3966 | D:8      | Reached skill level 9 in Axes
  4023 | D:8      | Found Afi Dah's Food Emporium.
  4410 | D:9      | Reached XP level 10. HP: 75/91 MP: 3/3
  5097 | D:9      | Reached **** piety under Makhleb
  5327 | D:9      | Found a sparkling altar of Nemelex Xobeh.
  5351 | D:10     | Entered Level 10 of the Dungeon
  5516 | D:10     | Noticed a gargoyle
  5543 | D:10     | Killed a gargoyle
  5543 | D:10     | Reached skill level 10 in Axes
  5598 | D:10     | Noticed a two-headed ogre
  5613 | D:10     | Killed a two-headed ogre
  5766 | D:10     | Noticed Nergalle
  5774 | D:10     | Killed from afar by Nergalle

Levels and vault maps discovered:
D:1:      wander_arrival_lonely_grave, layout_rooms
D:2:      layout_loops_ring, fedhas_altar_2, feat_on_display
D:3:      layout_rooms, lemuel_coloured_pillars_altar
D:4:      minmay_skewed_foursquare, layout_basic, kennysheep_mini,
          marbit_many_paths, overflow_temple_1_default,
          nicolae_qazlal_general_emergency
D:5:      layout_loops_ring, nicolae_overflow_crystal_walls,
          makhleb_grotto_becter, first_ration
D:6:      layout_basic, kennysheep_little_box, okawaru_trees_2,
          minmay_temple_entry_stoned_glass
D:7:      layout_basic, nicolae_overflow_hidden_temple, serial_glass,
          glass_columns_c, glass_columns_a, minmay_strange_pillars,
          enter_ossuary_3
D:8:      layout_basic, old_standard_altar, serial_shops, nicolae_shop_crystal,
          nicolae_shop_waterfront, blue_anna_alchemist [blue_anna_fruit_fields,
          blue_anna_fruit_fields], grunt_ministairs_8, uniq_grum
D:9:      layout_cave_pools, kennysheep_mini_moat, kiku_gazebo_pond_becter,
          serial_bayou, serial_bayou_pond_a, serial_bayou_lagoon_a,
          serial_bayou_ford_a, serial_bayou_lake_a, nrook_mini_backslash
D:10:     layout_basic, onia_ninara_cookie, uniq_nergalle

Skill      XL: |  1  2  3  4  5  6  7  8  9 10 |
---------------+-------------------------------+-----
Axes           | 3 4 5 6 7 9 10 | 10.5
Fighting       | 3 4 5 6 |  6.6
Armour         | 4 5 6 7 8 |  8.1
Shields        | 4 5 6 7 8 |  8.1
Evocations     | 1 3 4 6 |  6.0
Invocations    | 1 3 5 7 |  7.2

Action                   |  1- 3 |  4- 6 |  7- 9 | 10-12 || total
-------------------------+-------+-------+-------+-------++-------
Melee: War axe           |    99 |   133 |   542 |   224 ||   998
 Abil: Heal Wounds       |     1 |     7 |    28 |     4 ||    40
Evoke: Wand              |       |       |       |     5 ||     5
       Lamp of fire      |       |       |       |     1 ||     1
  Use: Scroll            |       |       |    14 |       ||    14
       Potion            |       |       |     1 |       ||     1
  Eat: Chunk             |       |     2 |     8 |     1 ||    11
       Ration            |       |       |     1 |     1 ||     2
Armor: Scale mail        |    61 |    48 |   206 |     2 ||   317
       Chain mail        |       |       |       |   110 ||   110
Dodge: Dodged            |    39 |    34 |   192 |    57 ||   322
Block: Shield            |    60 |    61 |   397 |    99 ||   617
